| TOP OF THE 1ST |
|
Lehigh Valley IronPigs batting - Pitching for Memphis Redbirds : RHP Roberto Duron
|
|
Pitching: RHP Roberto Duron
|
|
|
Batting: LHB Theodore Conboy
|
0-0: Ball 1-0: Foul Ball, location: 2F 1-1: Ball 2-1: Ball 3-1: Foul Ball, location: 2F 3-2: Foul Ball, location: 2F 3-2: Strikes out swinging
|
|
Batting: RHB Mark Schultz
|
0-0: Ground out 4-3 (Groundball, 4, EV 101.2 MPH)
|
|
Batting: RHB Carlos Morejon
|
0-0: Swinging Strike 0-1: Ball 1-1: Swinging Strike 1-2: Strikes out swinging
|
| Top of the 1st over - 0 runs, 0 hits, 0 errors, 0 left on base; Lehigh Valley 0 - Memphis 0 |
| BOTTOM OF THE 1ST |
|
Memphis Redbirds batting - Pitching for Lehigh Valley IronPigs : RHP Jeff Dailey
|
|
Pitching: RHP Jeff Dailey
|
|
|
Batting: LHB Adam Eisen
|
0-0: Ball 1-0: Ball 2-0: Bunted foul 2-1: Called Strike 2-2: Ball 3-2: Strikes out looking
|
|
Batting: SHB Dan Lash
|
0-0: Foul Ball, location: 2F 0-1: Ball 1-1: Ball 2-1: Foul Ball, location: 2F 2-2: Foul Ball, location: 2F 2-2: DOUBLE (Line Drive, 7LS, EV 98.8 MPH)
|
|
Batting: RHB Jeff Brower
|
0-0: Ball 1-0: Ball 2-0: Ball 3-0: Base on Balls
|
|
Batting: LHB Kyle Schaible
|
0-0: Called Strike 0-1: Swinging Strike 0-2: Ball 1-2: Strikes out swinging
|
|
Batting: RHB Danny Gallo
|
0-0: Called Strike 0-1: Fly out, F7 (Flyball, 7D, EV 104.4 MPH)
|
| Bottom of the 1st over - 0 runs, 1 hit, 0 errors, 2 left on base; Lehigh Valley 0 - Memphis 0 |
| TOP OF THE 2ND |
|
Lehigh Valley IronPigs batting - Pitching for Memphis Redbirds : RHP Roberto Duron
|
|
Batting: LHB Jose Carlos
|
0-0: Ball 1-0: Ball 2-0: Called Strike 2-1: Ball 3-1: Foul Ball, location: 2F 3-2: Strikes out swinging
|
|
Batting: RHB Victor Arroyo
|
0-0: Called Strike 0-1: Ball 1-1: Foul Ball, location: 2F 1-2: Ground out U3 (Groundball, 34, EV 83.8 MPH)
|
|
Batting: SHB Marco de Leon
|
0-0: Called Strike 0-1: Ball 1-1: Ground out 4-3 (Groundball, 4, EV 93.8 MPH)
|
| Top of the 2nd over - 0 runs, 0 hits, 0 errors, 0 left on base; Lehigh Valley 0 - Memphis 0 |
| BOTTOM OF THE 2ND |
|
Memphis Redbirds batting - Pitching for Lehigh Valley IronPigs : RHP Jeff Dailey
|
|
Batting: LHB John Bailey
|
0-0: Foul Ball, location: 2F 0-1: Ball 1-1: Ground out 4-3 (Groundball, 4, EV 79.4 MPH)
|
|
Batting: RHB Josh Martin
|
0-0: Called Strike 0-1: Ball 1-1: SINGLE (Line Drive, 9S, EV 90.0 MPH)
|
|
Batting: RHB Dave Cluster
|
0-0: Called Strike Josh Martin steals 2nd base 0-1: Ball Passed Ball! Josh Martin to third 1-1: Swinging Strike 1-2: Strikes out swinging
|
|
Batting: RHB Fortunato Fteira
|
0-0: Ball 1-0: Ball 2-0: Foul Ball, location: 2F 2-1: Ground out 6-3 (Groundball, 6, EV 102.5 MPH)
|
| Bottom of the 2nd over - 0 runs, 1 hit, 0 errors, 1 left on base; Lehigh Valley 0 - Memphis 0 |
| TOP OF THE 3RD |
|
Lehigh Valley IronPigs batting - Pitching for Memphis Redbirds : RHP Roberto Duron
|
|
Batting: RHB Moritake Fukumoto
|
0-0: Ball 1-0: Ball 2-0: Ball 3-0: Reached on error, E1 (Groundball, 15, EV 68.8 MPH)
|
|
Batting: RHB Kyle Reilly
|
0-0: Called Strike 0-1: Ball 1-1: Ball 2-1: SINGLE (Line Drive, 56, EV 109.4 MPH) Moritake Fukumoto to third
|
|
Batting: LHB Josh George
|
0-0: Ball 1-0: Ball 2-0: Called Strike 2-1: Ball 3-1: Called Strike 3-2: SINGLE (Groundball, 34S, EV 80.0 MPH) (infield hit) Moritake Fukumoto scores Kyle Reilly to second
|
|
Batting: LHB Theodore Conboy
|
0-0: Ball 1-0: Called Strike 1-1: Ball 2-1: SINGLE (Groundball, 4MD, EV 95.6 MPH) Kyle Reilly to third Josh George to second
|
|
Batting: RHB Mark Schultz
|
0-0: Ball 1-0: Called Strike 1-1: Reached on error, E6 (Groundball, 6, EV 83.8 MPH) Kyle Reilly scores Josh George to third Theodore Conboy to second
|
|
Batting: RHB Carlos Morejon
|
0-0: Called Strike 0-1: Called Strike 0-2: Ball 1-2: Ball 2-2: Grounds into double play, 4-6-3 (Groundball, 4, EV 104.4 MPH) Josh George scores Theodore Conboy to third
|
|
Batting: LHB Jose Carlos
|
0-0: Called Strike 0-1: Ball 1-1: Fly out, F3 (Line Drive, 3, EV 64.4 MPH)
|
| Top of the 3rd over - 3 runs, 3 hits, 2 errors, 1 left on base; Lehigh Valley 3 - Memphis 0 |
| BOTTOM OF THE 3RD |
|
Memphis Redbirds batting - Pitching for Lehigh Valley IronPigs : RHP Jeff Dailey
|
|
Batting: LHB Adam Eisen
|
0-0: Called Strike 0-1: Swinging Strike 0-2: SINGLE (Groundball, 56D, EV 94.4 MPH)
|
|
Batting: SHB Dan Lash
|
0-0: Called Strike 0-1: Ball 1-1: Foul Ball, location: 2F 1-2: Fly out, F8 (Line Drive, 8RD, EV 90.0 MPH)
|
|
Batting: RHB Jeff Brower
|
0-0: Fielders Choice at 2nd, 5-4 (Groundball, 56, EV 98.8 MPH)
|
|
Batting: LHB Kyle Schaible
|
0-0: Called Strike 0-1: Ball 1-1: Ball 2-1: Called Strike 2-2: Ball 3-2: Strikes out swinging
|
| Bottom of the 3rd over - 0 runs, 1 hit, 0 errors, 1 left on base; Lehigh Valley 3 - Memphis 0 |
| TOP OF THE 4TH |
|
Lehigh Valley IronPigs batting - Pitching for Memphis Redbirds : RHP Roberto Duron
|
|
Batting: RHB Victor Arroyo
|
0-0: Ball 1-0: Ball 2-0: Called Strike 2-1: DOUBLE (Line Drive, 89XD, EV 111.9 MPH)
|
|
Batting: SHB Marco de Leon
|
0-0: Called Strike 0-1: Ball 1-1: Swinging Strike 1-2: Ball 2-2: Foul Ball, location: 2F 2-2: Foul Ball, location: 2F 2-2: Strikes out looking
|
|
Batting: RHB Moritake Fukumoto
|
0-0: Ball 1-0: Swinging Strike 1-1: Ball 2-1: Swinging Strike 2-2: Strikes out looking
|
|
Batting: RHB Kyle Reilly
|
0-0: Ball 1-0: Foul Ball, location: 2F 1-1: Ball 2-1: Foul Ball, location: 2F 2-2: Foul Ball, location: 2F 2-2: Strikes out swinging
|
| Top of the 4th over - 0 runs, 1 hit, 0 errors, 1 left on base; Lehigh Valley 3 - Memphis 0 |
| BOTTOM OF THE 4TH |
|
Memphis Redbirds batting - Pitching for Lehigh Valley IronPigs : RHP Jeff Dailey
|
|
Batting: RHB Danny Gallo
|
0-0: Swinging Strike 0-1: Ball 1-1: Called Strike 1-2: Ground out U3 (Groundball, 34, EV 86.2 MPH)
|
|
Batting: LHB John Bailey
|
0-0: Ball 1-0: Ball 2-0: Called Strike 2-1: Ground out 6-3 (Groundball, 6, EV 83.1 MPH)
|
|
Batting: RHB Josh Martin
|
0-0: Ball 1-0: Ball 2-0: Called Strike 2-1: Swinging Strike 2-2: Fly out, F8 (Line Drive, 8LM, EV 90.6 MPH)
|
| Bottom of the 4th over - 0 runs, 0 hits, 0 errors, 0 left on base; Lehigh Valley 3 - Memphis 0 |
| TOP OF THE 5TH |
|
Lehigh Valley IronPigs batting - Pitching for Memphis Redbirds : RHP Roberto Duron
|
|
Batting: LHB Josh George
|
0-0: Called Strike 0-1: Swinging Strike 0-2: Strikes out swinging
|
|
Batting: LHB Theodore Conboy
|
0-0: Ball 1-0: Foul Ball, location: 2F 1-1: Ball 2-1: Ball 3-1: Called Strike 3-2: Foul Ball, location: 2F 3-2: Base on Balls
|
|
Batting: RHB Mark Schultz
|
0-0: Ball Theodore Conboy steals 2nd base 1-0: Ball 2-0: Called Strike 2-1: Ball 3-1: Base on Balls
|
|
Batting: RHB Carlos Morejon
|
0-0: Ball 1-0: Fly out, F3 (Flyball, 3D, EV 88.8 MPH)
|
|
Batting: LHB Jose Carlos
|
0-0: Called Strike 0-1: Ball 1-1: Ball 2-1: Called Strike 2-2: Ball 3-2: Strikes out looking
|
| Top of the 5th over - 0 runs, 0 hits, 0 errors, 2 left on base; Lehigh Valley 3 - Memphis 0 |
| BOTTOM OF THE 5TH |
|
Memphis Redbirds batting - Pitching for Lehigh Valley IronPigs : RHP Jeff Dailey
|
|
Batting: RHB Dave Cluster
|
0-0: Foul Ball, location: 2F 0-1: Called Strike 0-2: Ball 1-2: Strikes out swinging
|
|
Batting: RHB Fortunato Fteira
|
0-0: Called Strike 0-1: Ball 1-1: Foul Ball, location: 2F 1-2: Strikes out looking
|
|
Batting: LHB Adam Eisen
|
0-0: Called Strike 0-1: Ball 1-1: Ball 2-1: Foul Ball, location: 2F 2-2: DOUBLE (Line Drive, 78M, EV 105.6 MPH)
|
|
Batting: SHB Dan Lash
|
0-0: Called Strike 0-1: Foul Ball, location: 2F 0-2: Foul Ball, location: 2F 0-2: DOUBLE (Line Drive, 7LS, EV 103.1 MPH) Adam Eisen scores
|
|
Batting: RHB Jeff Brower
|
0-0: Called Strike 0-1: Called Strike 0-2: Ball 1-2: Foul Ball, location: 2F 1-2: Fly out, F8 (Line Drive, 8RM, EV 98.1 MPH)
|
| Bottom of the 5th over - 1 run, 2 hits, 0 errors, 1 left on base; Lehigh Valley 3 - Memphis 1 |
| TOP OF THE 6TH |
|
Lehigh Valley IronPigs batting - Pitching for Memphis Redbirds : RHP Roberto Duron
|
|
Pitching: RHP Doug Nickey
|
|
|
Batting: RHB Victor Arroyo
|
0-0: SINGLE (Line Drive, 4MD, EV 101.9 MPH)
|
|
Batting: SHB Marco de Leon
|
0-0: Ball 1-0: Foul Ball, location: 2F 1-1: Ball 2-1: Foul Ball, location: 2F 2-2: Ball 3-2: Foul Ball, location: 2F 3-2: Fly out, F6 (Popup, 6MS, EV 73.1 MPH)
|
|
Batting: RHB Moritake Fukumoto
|
0-0: Ball 1-0: Ball 2-0: Ball 3-0: Called Strike 3-1: Swinging Strike 3-2: SINGLE (Groundball, 6M, EV 96.9 MPH) (infield hit) Victor Arroyo to second
|
|
Batting: RHB Kyle Reilly
|
0-0: Ball 1-0: Ball 2-0: Grounds into double play, 6-4-3 (Groundball, 6, EV 83.8 MPH)
|
| Top of the 6th over - 0 runs, 2 hits, 0 errors, 1 left on base; Lehigh Valley 3 - Memphis 1 |
| BOTTOM OF THE 6TH |
|
Memphis Redbirds batting - Pitching for Lehigh Valley IronPigs : RHP Jeff Dailey
|
|
Batting: LHB Kyle Schaible
|
0-0: Called Strike 0-1: Ball 1-1: Swinging Strike 1-2: Foul Ball, location: 2F 1-2: Ground out U3 (Groundball, 3, EV 83.1 MPH)
|
|
Batting: RHB Danny Gallo
|
0-0: Ball 1-0: Ball 2-0: Ball 3-0: SINGLE (Groundball, 3D, EV 105.0 MPH)
|
|
Batting: LHB John Bailey
|
0-0: Foul Ball, location: 2F 0-1: Ball Danny Gallo is caught stealing 2nd base 2-6 1-1: Ball 2-1: Foul Ball, location: 2F 2-2: Strikes out swinging
|
| Bottom of the 6th over - 0 runs, 1 hit, 0 errors, 0 left on base; Lehigh Valley 3 - Memphis 1 |
| TOP OF THE 7TH |
|
Lehigh Valley IronPigs batting - Pitching for Memphis Redbirds : RHP Doug Nickey
|
|
Batting: LHB Josh George
|
0-0: Ball 1-0: Swinging Strike 1-1: Swinging Strike 1-2: Ball 2-2: Ball 3-2: Foul Ball, location: 2F 3-2: Foul Ball, location: 2F 3-2: Strikes out swinging
|
|
Batting: LHB Theodore Conboy
|
0-0: Foul Ball, location: 2F 0-1: SINGLE (Groundball, 34D, EV 111.2 MPH)
|
|
Batting: RHB Mark Schultz
|
0-0: Ball 1-0: Ball 2-0: Fly out, F7 (Flyball, 78XD, EV 95.6 MPH)
|
|
Batting: RHB Carlos Morejon
|
0-0: SINGLE (Flyball, 34D, EV 91.2 MPH) Theodore Conboy to second Runner from 2nd tries for 3rd, SAFE, throw by RF made to third
|
|
Batting: LHB Jose Carlos
|
0-0: Fly out, F6 (Popup, 6M, EV 60.6 MPH)
|
| Top of the 7th over - 0 runs, 2 hits, 0 errors, 2 left on base; Lehigh Valley 3 - Memphis 1 |
| BOTTOM OF THE 7TH |
|
Memphis Redbirds batting - Pitching for Lehigh Valley IronPigs : RHP Jeff Dailey
|
|
Batting: RHB Josh Martin
|
0-0: Ball 1-0: Foul Ball, location: 2F 1-1: Ball 2-1: Ball 3-1: Reached on error, E9 (Flyball, 9LM, EV 83.8 MPH)
|
|
Pitching: RHP Alex Florez
|
|
|
Batting: RHB Dave Cluster
|
0-0: Ball 1-0: Ball 2-0: Called Strike 2-1: SINGLE (Line Drive, 4M, EV 98.1 MPH) Josh Martin to second
|
|
Batting: RHB Fortunato Fteira
|
0-0: Ball 1-0: Called Strike 1-1: Ball 2-1: 3-RUN HOME RUN (Flyball, 7D, EV 98.8 MPH), Distance : 357 ft
|
|
Batting: LHB Adam Eisen
|
0-0: Called Strike 0-1: Swinging Strike 0-2: Ball 1-2: Strikes out looking
|
|
Batting: SHB Dan Lash
|
0-0: Ball 1-0: Ball 2-0: SINGLE (Line Drive, 3D, EV 95.0 MPH)
|
|
Batting: RHB Jeff Brower
|
0-0: Ball 1-0: Called Strike 1-1: Ball 2-1: Ball 3-1: Base on Balls Dan Lash to second
|
|
Batting: LHB Kyle Schaible
|
0-0: Ball 1-0: Called Strike 1-1: Foul Ball, location: 2F 1-2: Strikes out swinging
|
|
Batting: RHB Danny Gallo
|
0-0: Called Strike 0-1: Ball 1-1: Foul Ball, location: 2F 1-2: Ball 2-2: Ball 3-2: Base on Balls Dan Lash to third Jeff Brower to second
|
|
Batting: LHB John Bailey
|
0-0: Called Strike 0-1: Swinging Strike 0-2: Ball 1-2: Strikes out swinging
|
| Bottom of the 7th over - 3 runs, 3 hits, 1 error, 3 left on base; Lehigh Valley 3 - Memphis 4 |
| TOP OF THE 8TH |
|
Lehigh Valley IronPigs batting - Pitching for Memphis Redbirds : RHP Doug Nickey
|
|
Pitching: RHP Josh Sabatino
|
|
|
Batting: RHB Victor Arroyo
|
0-0: Ball 1-0: Ball 2-0: Foul Ball, location: 2F 2-1: DOUBLE (Line Drive, 78XD, EV 104.4 MPH)
|
|
Batting: SHB Marco de Leon
|
0-0: SINGLE (Groundball, 4S, EV 67.5 MPH) (infield hit) Victor Arroyo to third
|
|
Batting: RHB Moritake Fukumoto
|
0-0: Ball 1-0: Ball 2-0: Ball 3-0: Called Strike 3-1: Called Strike 3-2: Foul Ball, location: 2F 3-2: Foul Ball, location: 2F 3-2: Base on Balls Marco de Leon to second
|
|
Batting: RHB Kyle Reilly
|
0-0: Grounds into double play, 6-2-3 (Groundball, 56S, EV 83.8 MPH) Marco de Leon to third Moritake Fukumoto to second
|
|
Batting: LHB Josh George
|
0-0: Swinging Strike 0-1: Foul Ball, location: 2F 0-2: Strikes out swinging
|
| Top of the 8th over - 0 runs, 2 hits, 0 errors, 2 left on base; Lehigh Valley 3 - Memphis 4 |
| BOTTOM OF THE 8TH |
|
Memphis Redbirds batting - Pitching for Lehigh Valley IronPigs : RHP Alex Florez
|
|
Pitching: RHP Lucas McPhillie
|
|
|
Batting: RHB Josh Martin
|
0-0: Ball 1-0: Ball 2-0: Ball 3-0: Base on Balls
|
|
Batting: RHB Dave Cluster
|
0-0: Called Strike Josh Martin steals 2nd base 0-1: Ground out 4-3 (Groundball, 4, EV 103.8 MPH) Josh Martin to third
|
|
Batting: RHB Fortunato Fteira
|
0-0: Ball 1-0: Called Strike 1-1: Called Strike 1-2: Ball 2-2: SINGLE (Line Drive, 78S, EV 96.9 MPH) Josh Martin scores
|
|
Batting: LHB Adam Eisen
|
0-0: Called Strike Fortunato Fteira steals 2nd base 0-1: Swinging Strike 0-2: Ball 1-2: Ball 2-2: Foul Ball, location: 2F 2-2: Ball 3-2: Base on Balls
|
|
Batting: SHB Dan Lash
|
0-0: Ball Fortunato Fteira steals 3rd base Adam Eisen to second 1-0: Foul Ball, location: 2F 1-1: Ball 2-1: Foul Ball, location: 2F 2-2: Ball 3-2: SINGLE (Line Drive, 56D, EV 108.1 MPH) Fortunato Fteira scores Adam Eisen to third
|
|
Batting: RHB Jeff Brower
|
0-0: Grounds into double play, 4-6-3 (Groundball, 4, EV 98.1 MPH)
|
| Bottom of the 8th over - 2 runs, 2 hits, 0 errors, 1 left on base; Lehigh Valley 3 - Memphis 6 |
| TOP OF THE 9TH |
|
Lehigh Valley IronPigs batting - Pitching for Memphis Redbirds : RHP Josh Sabatino
|
|
Pitching: RHP Mike Pemble
|
|
|
Batting: LHB Theodore Conboy
|
0-0: Called Strike 0-1: Foul Ball, location: 2F 0-2: Ground out 5-3 (Groundball, 56, EV 86.9 MPH)
|
|
Batting: RHB Mark Schultz
|
0-0: Called Strike 0-1: Fly out, F7 (Flyball, 7D, EV 91.2 MPH)
|
|
Batting: RHB Carlos Morejon
|
0-0: Foul Ball, location: 2F 0-1: Called Strike 0-2: Strikes out swinging
|
| Top of the 9th over - 0 runs, 0 hits, 0 errors, 0 left on base; Lehigh Valley 3 - Memphis 6 |
|